 Dungeon Crawl Stone Soup version 0.30-a0-857-gcaf70739d4 (console) character file.

Game seed: 6815624947858069302

2154342 Banquo the Sorcerer (level 27, 198/198 HPs)
             Began as a Djinni Hedge Wizard on Mar 5, 2023.
             Was the Champion of Qazlal.
             Escaped with the Orb
             ... and 4 runes on Mar 12, 2023!
             The game lasted 10:44:02 (80522 turns).

Banquo the Sorcerer (Djinni Hedge Wizard)          Turns: 80522, Time: 10:44:04

Health: 198/198    AC: 20    Str:  9    XL:     27
Gold:   8905       EV: 25    Int: 34    God:    Qazlal [******] SH: 26 Dex: 17

rFire   + + .      SeeInvis +    b - staff of air
rCold   + . .      Faith    .    i - +3 kite shield {rC+}
rNeg    + . .      Spirit   .    d - +4 troll leather armour
rPois   ∞          Reflect  .    h - +2 helmet {SInv}
rElec   +          Rampage  .    e - +0 cloak {rCorr}
rCorr   +                        g - +2 pair of gloves
Will    ++...                    (boots unavailable)
Stlth   +                        y - amulet of regeneration
HPRegen 2.13/turn                C - ring "Gady" {rC+ rN+ Dex+2}
MPRegen 0.00/turn                Q - ring of Dogma {rPois EV+5 Int+6}

@: on dragon call cooldown, flying, repel missiles
A: sickness immunity, fire resistance 2, cold vulnerability 1, float, innate
caster, HP casting, extra vitality 1, frail 1, sense surroundings 1
0: Orb of Zot
}: 4/15 runes: decaying, serpentine, slimy, silver
a: Renounce Religion, Upheaval, Elemental Force, Disaster Area


You escaped.
You worshipped Qazlal.
Qazlal was exalted by your worship.
You visited 11 branches of the dungeon, and saw 55 of its levels.
You also visited: Trove, Gauntlet and Volcano.

You collected 11074 gold pieces.
You spent 2169 gold pieces at shops.

Inventory:

Hand Weapons
 a - the +5 rapier "Fottewen" {flame, rPois Will++ Dex+5}
   (You took it off a deep elf knight on level 2 of the Elven Halls)

   Dex:       It affects your dexterity (+5).
   rPois:     It protects you from poison.
   Will:      It greatly increases your willpower.
 c - a +8 quick blade of freezing
 j - a +6 falchion of holy wrath
 w - a +2 antimagic rapier
Missiles
 P - a throwing net
Armour
 d - a +4 troll leather armour (worn)
 e - a +0 cloak of preservation (worn)
 g - a +2 pair of gloves (worn)
 h - a +2 helmet of see invisible (worn)
 i - a +3 kite shield of cold resistance (worn)
 X - a scarf of shadows
Magical Staves
 b - a staff of air (weapon)
 U - a staff of cold
Jewellery
 r - the ring of the Locust {Fly rElec rPois Will+}
   (You took it off a yaktaur captain on level 5 of the Vaults)

   [ring of willpower]

   rElec:     It insulates you from electricity.
   rPois:     It protects you from poison.
   Fly:       It grants you flight.
   Will:      It increases your willpower.
 t - the ring "Noogeb" {rF+ rCorr}
   (You found it on level 5 of the Vaults)

   [ring of resist corrosion]

   rF:        It protects you from fire.
   rCorr:     It protects you from acid and corrosion.
 y - an amulet of regeneration (around neck)
 z - the ring "Direacleryc" {rPois rC+ Will+}
   (You found it in a treasure trove)

   [ring of willpower]

   rC:        It protects you from cold.
   rPois:     It protects you from poison.
   Will:      It increases your willpower.
 C - the ring "Gady" (left hand) {rC+ rN+ Dex+2}
   (You found it on level 1 of the Depths)

   [ring of positive energy]

   Dex:       It affects your dexterity (+2).
   rC:        It protects you from cold.
   rN:        It protects you from negative energy.
 L - the ring of Moral Flaws {rC++ AC+4 Str+6 Dex-3}
   (You found it in a treasure trove)

   [ring of protection]

   AC:        It affects your AC (+4).
   Str:       It affects your strength (+6).
   Dex:       It affects your dexterity (-3).
   rC:        It greatly protects you from cold.
 Q - the ring of Dogma (right hand) {rPois EV+5 Int+6}
   (You found it in a Gauntlet)

   [ring of evasion]

   EV:        It affects your evasion (+5).
   Int:       It affects your intelligence (+6).
   rPois:     It protects you from poison.
 S - the ring "Faimp" {Dex+2 SInv}
   (You found it on level 5 of the Pits of Slime)

   [ring of see invisible]

   Dex:       It affects your dexterity (+2).
   SInv:      It lets you see invisible.
 W - a ring of wizardry
 Y - a +4 ring of protection
Wands
 A - a wand of mindburst (16)
 D - a wand of digging (15)
 H - a wand of quicksilver (39)
 I - a wand of roots (43)
Scrolls
 m - 4 scrolls of magic mapping
 p - 5 scrolls of blinking
 G - 9 scrolls of noise
 J - 7 scrolls of poison
 M - 15 scrolls of fog
 N - 5 scrolls of silence
 O - 12 scrolls of fear
 R - 2 scrolls of butterflies
 Z - 24 scrolls of teleportation
Potions
 f - 12 potions of ambrosia
 k - 7 potions of haste
 l - 10 potions of invisibility
 n - 5 potions of brilliance
 o - 13 potions of heal wounds
 q - 2 potions of resistance
 s - 8 potions of might
 B - 2 potions of berserk rage
 E - 6 potions of cancellation
 F - 11 potions of mutation
 T - 18 potions of curing
Miscellaneous
 v - a phantom mirror
 x - a box of beasts


   Skills:
 - Level 25.0 Fighting
 - Level 14.0 Short Blades
 - Level 16.0 Armour
 + Level 16.4 Dodging
 - Level 1.5 Stealth
 - Level 17.0 Shields
 - Level 26.0 Spellcasting
 - Level 10.0 Invocations


You knew the following spells:

 Your Spells              Type           Power      Damage    Failure   Level
a - Magic Dart            Conj           100%       1d8       0%          1
b - Shock                 Conj/Air       100%       1d9       0%          1
c - Dragon's Call         Summ           61%        N/A       2%          9
d - Death Channel         Necr           61%        N/A       0%          6
e - Enfeeble              Hex            61%        N/A       1%          7
f - Freezing Cloud        Conj/Ice/Air   73%        6-21      0%          5
g - Statue Form           Tmut/Erth      81%        N/A       0%          6
h - Haunt                 Necr/Summ      61%        N/A       1%          7
i - Call Imp              Summ           100%       N/A       0%          2
k - Kindle Blastsparks    Fire/Tloc/Air  100%       2d18      0%          3
l - Chain Lightning       Conj/Air       73%        3d97      2%          9
s - Slow                  Hex            100%       N/A       0%          1
x - Summon Horrible Thin  Summ           61%        N/A       1%          8
z - Poisonous Vapours     Pois/Air       100%       N/A       0%          2
A - Agony                 Necr           100%       N/A       0%          5
B - Blink                 Tloc           100%       N/A       0%          2
C - Mephitic Cloud        Conj/Pois/Air  100%       N/A       0%          3
L - Inner Flame           Hex/Fire       100%       N/A       0%          3
Your spell library was empty.

Dungeon Overview and Level Annotations

Branches:
Dungeon (15/15)            Temple (0/1) D:7            Lair (5/5) D:10
  Swamp (4/4) Lair:3        Snake (4/4) Lair:2        Slime (5/5) Lair:4
    Orc (2/2) D:12            Elf (3/3) Orc:2        Vaults (5/5) D:14
  Crypt (3/3) Vaults:3       Tomb (0/3) Crypt:3      Depths (4/4) D:15
    Zot (5/5) Depths:4    Volcano (visited)         Gauntlet (visited)

Altars:
Cheibriados
Dithmenos
Elyvilon
Gozag
Okawaru
Qazlal
Trog
Uskayaw
Wu Jian
Yredelemnul
Zin
The Shining One
Jiyva

Shops:
D:2 (   D:5 =   D:8 ?=[   D:12 [   D:15 *(((   Orc:2 =[(*   Elf:1 (
Snake:2 *:   Snake:3 *   Snake:4 (:   Vaults:1 ?   Vaults:4 ![(*   Vaults:5 :
Depths:3 (   Depths:4 *

Portals:
Hell: Depths:1 Depths:2 Depths:3 Depths:4
Abyss: Depths:3 Depths:4
Pandemonium: Depths:2 Depths:4
Ziggurat: Depths:2

Annotations:
Elf:2 3 runed translucent doors


Innate Abilities, Weirdness & Mutations

You are immune to sickness and miasma.
You are immune to poison.
Your flesh is very heat resistant. (rF++)
You are vulnerable to cold. (rC-)
You float through the air rather than walking.
You learn spells naturally, not from books.
Your magical power is your life essence.
You have superior vitality. (+4 MHP)
You are frail. (-10% HP)
You passively map a small area around you.


Message History

Your quicksilver dragon is engulfed in blazing flames.
Your quicksilver dragon breathes dispelling energy at the ice devil.
The bolt of dispelling energy hits the ice devil!
Your golden dragon disappears in a puff of smoke!
Your large abomination hits Joneh!!
Joneh hits your ice dragon!
Your ice dragon dies!
Your ice dragon's corpse disappears in a puff of smoke!
Your quicksilver dragon is engulfed in blazing flames.
Your quicksilver dragon misses the ice devil.
Your quicksilver dragon claws the ice devil but does no damage.
The ice devil barely misses your quicksilver dragon.
You hear a shout!
Joneh hits your large abomination!
Your quicksilver dragon bites the ice devil but does no damage.
Your quicksilver dragon claws the ice devil but does no damage.
Your large abomination barely misses Joneh.
Your quicksilver dragon is struck by lightning.
Joneh hits your large abomination!!
The ice devil hits your quicksilver dragon!
The ice devil freezes your quicksilver dragon!
Your quicksilver dragon breathes dispelling energy at the ice devil.
The bolt of dispelling energy hits the ice devil but does no damage.
Joneh hits your large abomination!!!
Your large abomination is destroyed!
Your large abomination disappears in a puff of smoke!
Your quicksilver dragon bites the ice devil but does no damage.
Your quicksilver dragon claws the ice devil!
The ice devil dies!
Qazlal accepts your kill.
Your large abomination hits Joneh but does no damage.
Your ice dragon breathes frost at Joneh.
The blast of cold hits Joneh.
Joneh resists.
You swap places.
Your quicksilver dragon disappears in a puff of smoke!
There is a staircase leading out of the dungeon here.
Enter note: woot!
Your golden dragon disappears in a puff of smoke!
Your quicksilver dragon breathes dispelling energy at Joneh.
The bolt of dispelling energy hits Joneh!!
You have escaped!

###################
#....#...8...#.☼..#
#.⌠..'.8.....#..@D#
#....#...⌠...#....#
#....#.8...8.'○...#
###..#......&#..###
♣♣####..8.8D.####
.♣♣♣ #.....§.# ♣♣♣#
...♣♣###..&###♣♣..#
...&♣♣♣#'''#♣.♣..♣#
##[XX.............#


You could see Joneh (ally target), a friendly ice dragon (summoned, catching
breath) and a friendly quicksilver dragon (summoned, catching breath).

Vanquished Creatures
  the Royal Jelly (Slime:5)
  2 dread liches
  2 ancient liches (Vaults:5)
  Margery (Crypt:1)
  A curse toe (Zot:4)
  A caustic shrike (Depths:3)
  4 golden dragons
  A profane servitor (Crypt:3)
  3 electric golems
  2 bone dragons
  3 doom hounds (Crypt:1)
  2 Tzitzimimeh (Vaults:3)
  Grunn (Crypt:1)
  3 liches
  Rupert (Lair:5)
  12 tentacled monstrosities
  14 acid blobs
  A deep elf blademaster (Elf:3)
  An Orb Guardian (Zot:5)
  A walking frostbound tome (Depths:4)
  3 quicksilver dragons
  8 ancient champions
  7 death cobs
  3 sphinxes
  Kirke (Swamp:3)
  7 tengu reavers
  3 draconian monks
  A thorn hunter (Swamp:1)
  10 storm dragons
  A nagaraja (Snake:3)
  13 shadow dragons
  A revenant (Crypt:3)
  11 rockslimes
  5 fire giants
  10 azure jellies
  2 draconian knights
  2 fenstrider witches
  8 frost giants
  5 vault wardens
  9 ghouls
  2 iron dragons
  A draconian scorcher (Zot:2)
  A deep elf elementalist (Elf:3)
  A draconian shifter (Zot:1)
  An orc warlord (Orc:2)
  2 curse skulls
  10 quicksilver oozes
  2 draconian stormcallers
  2 war gargoyles (Vaults:5)
  A spriggan defender (Depths:1)
  7 stone giants
  5 ironbound preservers
  8 very ugly things
  An ironbound thunderhulk (Vaults:3)
  Nessos (Lair:5)
  A caustic shrike skeleton (Crypt:3)
  5 black draconians
  3 deep elf demonologists
  4 eleionomae
  A putrid mouth (Vaults:3)
  2 deep elf annihilators
  4 vampire knights
  3 yellow draconians
  4 green draconians
  3 red draconians
  A spark wasp (Depths:3)
  3 bunyips
  4 purple draconians
  A minotaur (Gauntlet)
  4 blizzard demons (Depths:2)
  4 dire elephants
  4 white draconians
  3 deep elf death magi
  9 ettins
  12 jiangshi
  An entropy weaver (Vaults:4)
  4 great orbs of eyes
  An eidolon (Crypt:1)
  5 fire dragons
  A spriggan skeleton (Crypt:3)
  6 ice dragons
  A caustic shrike simulacrum (Crypt:3)
  A ghost crab (Lair:3)
  13 hydras
  5 yaktaur captains
  3 salamander tyrants (Snake:4)
  24 vault guards
  2 spriggan air magi
  5 ogre magi
  A catoblepas (Lair:1)
  4 ironbound frosthearts
  4 boulder beetles
  6 centaur warriors
  Erica (D:10)
  16 anacondas
  5 alligators
  A fenstrider witch skeleton (Crypt:1)
  18 two-headed ogres
  2 death knights
  16 naga warriors
  3 deep troll shamans
  4 deep troll earth magi
  9 death yaks
  9 naga sharpshooters
  9 vampire magi
  7 tengu warriors
  2 titan zombies
  6 orc high priests
  9 shock serpents
  5 spriggan berserkers
  2 skysharks
  3 hell knights
  A soul eater (Crypt:3)
  10 deep elf knights
  4 iron trolls
  2 shadow wraiths
  Nergalle (D:12)
  4 goliath frogs
  5 salamander mystics
  40 skeletal warriors
  20 deep trolls
  A glowing orange brain (Depths:3)
  13 swamp dragons
  A spectral anaconda (Lair:5)
  4 spriggan druids
  7 lindwurms
  7 flayed ghosts
  An iron giant skeleton (Crypt:3)
  5 ironbound convokers
  4 orc knights
  4 phantasmal warriors
  10 deep elf archers
  2 wizards
  A harpy (D:10)
  25 deep elf pyromancers
  A lindwurm (shapeshifter) (Vaults:4)
  3 bog bodies
  5 naga ritualists
  26 deep elf zephyrmancers
  5 mana vipers
  17 ugly things
  10 necromancers
  A shadow dragon skeleton (Crypt:3)
  23 salamanders
  A stone giant zombie (Crypt:3)
  3 shining eyes
  3 orc sorcerers
  A fire giant zombie (Crypt:3)
  5 cyclopes
  3 manticores
  A stone giant skeleton (Crypt:1)
  11 guardian serpents
  14 moths of wrath
  A moth of wrath (shapeshifter) (Depths:3)
  4 centaur zombies (D:15)
  17 elephants
  A naga zombie (Crypt:1)
  82 slime creatures
  A frost giant skeleton (Crypt:1)
  2 dire elephant zombies
  10 naga magi
  7 vault sentinels
  35 black mambas
  A centaur skeleton (D:15)
  A black draconian zombie (Crypt:3)
  10 cane toads
  A hellion (Gauntlet)
  4 gargoyles
  2 molten gargoyles (Volcano)
  5 unseen horrors
  4 freezing wraiths
  12 yaktaurs
  A bunyip simulacrum (Crypt:3)
  13 rime drakes
  12 komodo dragons
  A queen bee (Orc:1)
  6 trolls
  A polar bear (D:12)
  A moth of wrath zombie (Crypt:1)
  A death drake zombie (Crypt:2)
  A tarantella (Vaults:4)
  29 hornets
  11 tyrant leeches
  10 blink frogs
  A blink frog (shapeshifter) (Depths:3)
  2 harpy skeletons
  A death drake skeleton (Crypt:3)
  2 ettin zombies (Crypt:3)
  A raiju (Gauntlet)
  An alligator skeleton (Crypt:3)
  3 shadows
  A fire dragon skeleton (Crypt:1)
  6 vampires
  An air elemental (Elf:1)
  A guardian serpent skeleton (Crypt:1)
  2 wyverns
  An ettin skeleton (Crypt:1)
  18 spriggans
  3 ynoxinuls (Depths:2)
  5 fire elementals
  2 hogs (Swamp:3)
  6 yaks
  2 humans (Swamp:3)
  A black mamba skeleton (Crypt:3)
  3 basilisks
  5 water elementals
  9 wraiths
  An alligator snapping turtle simulacrum (Crypt:3)
  A golden eye (shapeshifter) (Elf:2)
  10 golden eyes
  A steam dragon (Lair:3)
  2 fire bats (Volcano)
  A redback (Vaults:4)
  A redback (shapeshifter) (Vaults:5)
  7 vampire mosquitoes
  7 wargs
  9 swamp worms
  5 acid dragons
  48 nagas
  A skyshark zombie (Crypt:3)
  8 water moccasins
  A naga skeleton (Crypt:3)
  A hell hound (Gauntlet)
  A floating eye (Depths:3)
  An ice beast (D:7)
  2 sky beasts
  A two-headed ogre skeleton (Crypt:1)
  6 black bears
  32 orc warriors
  7 swamp drakes
  A black bear (shapeshifter) (D:10)
  8 ogres
  9 centaurs
  4 boggarts
  8 wolves
  An elephant skeleton (Lair:5)
  A hog zombie (Crypt:3)
  A hog skeleton (Crypt:1)
  2 kobold brigands
  An elf zombie (Crypt:3)
  5 necrophages
  16 bullfrogs
  A two-headed ogre simulacrum (D:12)
  3 scorpions
  2 wights (D:7)
  An elephant simulacrum (D:12)
  25 killer bees
  3 vampire bats (D:6)
  An electric eel (Lair:3)
  3 nameless horrors
  4 howler monkeys
  6 lava snakes (Volcano)
  25 orc priests
  5 hounds
  3 jellies (D:6)
  Crazy Yiuf (D:4)
  3 iguanas
  21 orc wizards
  A sleepcap (D:8)
  Ijyb (D:4)
  A boggart zombie (Crypt:1)
  A polar bear simulacrum (D:12)
  An ogre skeleton (Crypt:1)
  Robin (D:4)
  4 gnolls (D:8)
  7 adders
  A naga simulacrum (D:12)
  3 shadow imps
  A white imp (D:7)
  2 ufetubi
  3 worms
  4 dart slugs
  94 orcs
  15 bats
  10 endoplasms
  3 giant cockroaches
  11 goblins
  14 hobgoblins
  14 kobolds
  3 quokkas
  6 ball pythons
  5 rats
  2 briar patches (Swamp:2)
  A bush (Lair:3)
1697 creatures vanquished.

Vanquished Creatures (collateral kills)
  A dread lich (Zot:5)
  3 ancient liches
  Mara (Vaults:2)
  4 orbs of fire
  A juggernaut (Depths:3)
  Bai Suzhen (Snake:4)
  Parghit (Zot:4)
  Sojobo (Vaults:3)
  5 Killer Klowns (Zot:5)
  Saint Roka (Vaults:4)
  2 golden dragons
  Jory (Vaults:4)
  Nikola (Vaults:3)
  A bone dragon (Vaults:3)
  The ghost of confidenceinterval the Markskobold, a veteran KoHu of Hepliaklqana (Vaults:3)
  A Tzitzimitl (Depths:1)
  2 electric golems (Zot:5)
  A Hell Sentinel (D:15)
  24 Orb Guardians (Zot:5)
  Mlioglotl (Snake:3)
  4 tentacled monstrosities
  A titan (Vaults:5)
  An Ice Fiend (D:1)
  The ghost of Kiqipt the Bringer of Life, an adept HuMo of Elyvilon (Vaults:1)
  Asterion (Depths:2)
  A lich (Depths:3)
  3 quicksilver dragons
  A deep elf master archer (Elf:3)
  4 acid blobs (Slime:1)
  3 death cobs
  2 thorn hunters (Swamp:3)
  3 sphinxes
  6 shadow dragons
  7 storm dragons
  2 draconian monks (Zot:3)
  4 tengu reavers
  2 iron dragons
  4 fire giants
  A rockslime (Slime:1)
  A daeva (Depths:4)
  3 azure jellies
  9 deep elf sorcerers
  11 vault wardens
  2 draconian scorchers
  5 frost giants
  3 ghost moths
  4 deep elf elementalists (Elf:3)
  2 draconian shifters
  An orc warlord (Vaults:1)
  18 ironbound preservers
  5 ghouls
  12 very ugly things
  A draconian annihilator (Zot:1)
  6 ironbound thunderhulks
  3 quicksilver oozes
  10 stone giants
  2 deep elf demonologists (Elf:3)
  3 eleionomae
  6 vampire knights
  3 white draconians
  11 deep elf annihilators
  6 black draconians
  2 spark wasps (Depths:3)
  A lorocyproca (Zot:5)
  A dire elephant (shapeshifter) (Vaults:5)
  4 yellow draconians
  2 bunyips (Swamp:2)
  A blizzard demon (Depths:2)
  15 dire elephants
  4 ettins
  An eidolon (Crypt:2)
  A deep elf death mage (Elf:3)
  A crystal guardian (Vaults:2)
  An entropy weaver (Vaults:4)
  6 fire dragons
  2 deep elf high priests
  2 shambling mangroves
  6 yaktaur captains
  3 rakshasas (Depths:1)
  11 great orbs of eyes
  3 jiangshi (Depths:1)
  6 ice dragons
  14 vault guards
  A peacekeeper (Vaults:3)
  A salamander tyrant (Snake:4)
  A hell beast (Depths:1)
  11 ironbound frosthearts
  8 centaur warriors
  2 ghost crabs
  3 hydras
  2 death knights (Vaults:3)
  2 spriggan air magi (Depths:2)
  11 dancing weapons
  A tengu warrior (Depths:3)
  A death yak (Lair:1)
  A spectral dire elephant (Lair:5)
  A hell hog (Depths:1)
  2 naga sharpshooters
  3 deep troll shamans
  5 vampire magi (Depths:1)
  2 spriggan berserkers
  3 hell knights
  3 sun demons
  A soul eater (Depths:1)
  4 deep elf knights
  9 shadow wraiths
  A skeletal warrior (Crypt:2)
  An iron troll (Depths:1)
  An iron giant zombie (Crypt:2)
  A sixfirhy (D:1)
  A flayed ghost (Crypt:2)
  2 swamp dragons (Swamp:4)
  50 deep trolls
  2 glowing orange brains
  12 deep elf archers
  5 shadow demons
  3 spriggan druids (Swamp:4)
  An iron giant skeleton (Crypt:1)
  An obsidian statue (Lair:5)
  4 orange crystal statues (D:7)
  11 ironbound convokers
  2 lindwurms (Vaults:4)
  5 deep elf pyromancers
  A sphinx zombie (Depths:2)
  5 bog bodies
  3 wizards
  6 deep elf zephyrmancers
  A necromancer (Crypt:1)
  16 ugly things
  A frost giant zombie (Depths:2)
  8 orc knights
  A phantasmal warrior (Vaults:3)
  A mana viper (Snake:1)
  A shining eye (Slime:5)
  An orc sorcerer (Orc:2)
  4 will-o-the-wisps
  2 salamanders
  6 moths of wrath
  2 elephants (Lair:5)
  A frost giant skeleton (Depths:2)
  48 slime creatures
  21 vault sentinels
  3 guardian serpents
  A rust devil (Depths:3)
  2 naga magi
  A black mamba (Snake:1)
  An ice statue (D:12)
  2 eyes of devastation
  2 smoke demons
  An orange demon (D:5)
  A spriggan zombie (Depths:2)
  A naga skeleton (Crypt:3)
  A freezing wraith (Crypt:2)
  A rime drake (Swamp:4)
  19 yaktaurs
  2 ice devils (D:1)
  A tengu conjurer (Depths:3)
  4 red devils (Depths:2)
  2 tyrant leeches (Swamp:1)
  2 hornets
  3 air elementals
  2 spriggans
  An ettin skeleton (Crypt:3)
  2 wraiths (Crypt:1)
  3 vampires (Crypt:3)
  3 water elementals
  A golden eye (Slime:2)
  3 yaks (Lair:1)
  3 fire elementals
  A basilisk (Lair:1)
  A redback (Vaults:4)
  A vampire mosquito (Swamp:2)
  A warg (Orc:1)
  6 nagas
  2 swamp worms
  21 orc warriors
  A swamp drake (Swamp:4)
  An ice beast (Vaults:2)
  A spriggan simulacrum (Depths:2)
  A cane toad skeleton (Crypt:1)
  6 boggarts
  A vine stalker zombie (Crypt:2)
  4 necrophages
  5 earth elementals
  A yaktaur skeleton (Crypt:2)
  3 orc priests
  4 orc wizards
  A black bear skeleton (Crypt:2)
  An acid dragon zombie (Crypt:2)
  A sky beast zombie (Crypt:2)
  7 orcs
  A quokka skeleton (Crypt:1)
769 creatures vanquished.

Vanquished Creatures (others)
  A bloated husk (Swamp:1)
  A human (Swamp:3)
  An orc warrior (Orc:2)
  A lava snake (Volcano)
  An orc priest (Orc:2)
  3 orcs
  5 kobolds (D:6)
  2 briar patches (Swamp:3)
  A bush (Lair:2)
  10 foxfires
  46 fungi
  124 plants
  36 withered plants
232 creatures vanquished.

Grand Total: 2698 creatures vanquished

Notes
Turn   | Place    | Note
-------+----------+-------------------------------------------
     0 | D:1      | Banquo the Djinni Hedge Wizard began the quest for the Orb.
     0 | D:1      | Banquo set off with the following spells memorised: Magic
                  | Dart, Slow, Blink, Call Imp, Mephitic Cloud.
     0 | D:1      | Reached XP level 1. HP: 15/15 MP: 0/0
   160 | D:1      | Reached XP level 2. HP: 20/22 MP: 0/0
   343 | D:1      | Reached skill level 3 in Spellcasting
   368 | D:1      | Reached XP level 3. HP: 13/26 MP: 0/0
   368 | D:1      | Learned a level 1 spell: Shock
   470 | D:1      | Reached skill level 1 in Fighting
   967 | D:2      | Found Suenoix's Weapon Shoppe.
  1057 | D:2      | Reached XP level 4. HP: 28/32 MP: 0/0
  1664 | D:3      | Reached XP level 5. HP: 34/37 MP: 0/0
  1664 | D:3      | Learned a level 2 spell: Poisonous Vapours
  1753 | D:3      | Reached skill level 4 in Spellcasting
  2124 | D:3      | Reached XP level 6. HP: 42/43 MP: 0/0
  2686 | D:4      | Noticed Ijyb
  2861 | D:4      | Found a runed translucent door.
  2862 | D:4      | Noticed Crazy Yiuf
  2889 | D:4      | Noticed a black bear
  2895 | D:4      | Killed a black bear
  2896 | D:4      | Reached skill level 5 in Spellcasting
  2953 | D:4      | Reached XP level 7. HP: 28/49 MP: 0/0
  2953 | D:4      | Learned a level 3 spell: Inner Flame
  3163 | D:4      | Noticed Robin
  3194 | D:4      | Killed Robin
  3455 | D:4      | Killed Ijyb
  3996 | D:4      | Found a white marble altar of Elyvilon.
  4092 | D:4      | Killed Crazy Yiuf
  4146 | D:5      | Entered Level 5 of the Dungeon
  4203 | D:5      | Found a stormy altar of Qazlal.
  4208 | D:5      | Became a worshipper of Qazlal Stormbringer
  4401 | D:5      | Reached skill level 6 in Spellcasting
  4504 | D:5      | Reached XP level 8. HP: 39/56 MP: 0/0
  4600 | D:5      | Reached skill level 1 in Invocations
  4926 | D:5      | Noticed a wraith
  5112 | D:5      | Found a snail-covered altar of Cheibriados.
  5113 | D:5      | Noticed a two-headed ogre
  5131 | D:5      | Killed a two-headed ogre
  5132 | D:5      | Reached skill level 1 in Armour
  5132 | D:5      | Reached skill level 7 in Spellcasting
  5132 | D:5      | Reached XP level 9. HP: 2/62 MP: 0/0
  5132 | D:5      | Learned a level 3 spell: Kindle Blastsparks
  5623 | D:5      | Found an opulent altar of Gozag.
  5667 | D:5      | Found Qyuw's Jewellery Emporium.
  5955 | D:6      | Reached * piety under Qazlal
  6118 | D:6      | Found a hide-covered altar of Uskayaw.
  6607 | D:7      | Reached skill level 8 in Spellcasting
  6943 | D:7      | Found a runed translucent door.
  7058 | D:7      | Found the +10 tower shield of Ignorance {rN+ Int-4}
  7064 | D:7      | Found a runed translucent door.
  7071 | D:7      | Noticed an orange crystal statue
  7071 | D:7      | Noticed an orange crystal statue
  7071 | D:7      | Noticed an orange crystal statue
  7071 | D:7      | Noticed an orange crystal statue
  7225 | D:7      | Reached ** piety under Qazlal
  7265 | D:7      | Reached skill level 5 in Fighting
  7265 | D:7      | Reached XP level 10. HP: 63/70 MP: 0/0
  7288 | D:7      | Found an ornate altar of the Wu Jian Council.
  7299 | D:7      | Identified the +1 robe of Teedwep {rC+ rN+ Int-2 Dex+2}
  7314 | D:7      | Found an iron altar of Okawaru.
  7849 | D:7      | Found a staircase to the Ecumenical Temple.
  8348 | D:8      | Found an opulent altar of Gozag.
  8514 | D:8      | Reached skill level 5 in Dodging
  8667 | D:8      | Found Wuure's Armour Boutique.
  8954 | D:8      | Reached *** piety under Qazlal
  9066 | D:8      | Found Umagid's Magic Scroll Emporium.
  9074 | D:8      | Found Kyde's Jewellery Shop.
  9275 | D:9      | Identified the +0 leather armour of Goulaoti {Str+2 Dex+3}
  9513 | D:9      | Identified the +1 robe of Beogh's Envy {Str+5 Dex-3}
  9524 | D:9      | Found a snail-covered altar of Cheibriados.
  9646 | D:9      | Reached skill level 9 in Spellcasting
 10072 | D:9      | Found a bloodstained altar of Trog.
 10442 | D:10     | Entered Level 10 of the Dungeon
 10499 | D:10     | Noticed a two-headed ogre
 10568 | D:10     | Noticed Erica
 10641 | D:10     | Killed Erica
 10710 | D:10     | Killed a two-headed ogre
 10711 | D:10     | Reached XP level 11. HP: 53/76 MP: 0/0
 10711 | D:10     | Learned a level 5 spell: Agony
 10811 | D:10     | Noticed an ettin
 10821 | D:10     | Killed an ettin
 10822 | D:10     | Reached skill level 10 in Spellcasting
 10822 | D:10     | Reached skill level 5 in Invocations
 10824 | D:10     | Noticed a two-headed ogre
 10835 | D:10     | Killed a two-headed ogre
 11001 | D:10     | Noticed a two-headed ogre
 11299 | D:10     | Killed a two-headed ogre
 11404 | D:10     | Noticed a two-headed ogre
 11413 | D:10     | Killed a two-headed ogre
 11546 | D:10     | Noticed a manticore
 11559 | D:10     | Killed a manticore
 11567 | D:10     | Noticed a cyclops
 11570 | D:10     | Noticed a deep elf pyromancer
 11572 | D:10     | HP: 3/78 [cyclops/large rock (34)]
 11830 | D:10     | Killed a deep elf pyromancer
 11871 | D:10     | Killed a cyclops
 11976 | D:10     | Reached XP level 12. HP: 71/85 MP: 0/0
 11980 | D:10     | Identified the +7 whip "Goblinbane" {freeze, rF++}
 11989 | D:10     | Reached skill level 11 in Spellcasting
 13117 | D:10     | Found a staircase to the Lair.
 13123 | D:10     | Reached **** piety under Qazlal
 13401 | D:10     | Noticed a two-headed ogre
 13445 | D:10     | Killed a two-headed ogre
 13761 | Lair:1   | Entered Level 1 of the Lair of Beasts
 13919 | Lair:1   | Noticed a catoblepas
 13944 | Lair:1   | Killed a catoblepas
 13945 | Lair:1   | Reached skill level 12 in Spellcasting
 14510 | Lair:1   | Reached XP level 13. HP: 90/92 MP: 0/0
 14510 | Lair:1   | Learned a level 5 spell: Freezing Cloud
 15351 | Lair:2   | Reached skill level 13 in Spellcasting
 15570 | Lair:2   | Noticed a five-headed hydra
 15577 | Lair:2   | Killed a five-headed hydra
 15705 | Lair:2   | Identified the +2 robe of Maevecu {rF+ Dex+3}
 16042 | Lair:2   | Found a staircase to the Snake Pit.
 16611 | Lair:3   | Noticed an eight-headed hydra
 16618 | Lair:3   | Killed an eight-headed hydra
 16726 | Lair:3   | Found a staircase to the Swamp.
 17169 | Lair:3   | Reached XP level 14. HP: 75/101 MP: 0/0
 17183 | Lair:3   | Reached ***** piety under Qazlal
 17864 | Lair:4   | Reached skill level 14 in Spellcasting
 18135 | Lair:4   | Found a viscous altar of Jiyva.
 18135 | Lair:4   | Found a staircase to the Slime Pits.
 18424 | Lair:5   | Entered Level 5 of the Lair of Beasts
 18843 | Lair:5   | Noticed a dire elephant
 18843 | Lair:5   | Noticed a dire elephant
 18843 | Lair:5   | Noticed a dire elephant
 19121 | Lair:5   | Noticed Nessos
 19142 | Lair:5   | Killed Nessos
 19618 | Lair:5   | Noticed Rupert
 19621 | Lair:5   | Paralysed by Rupert for 2 turns
 19636 | Lair:5   | Killed Rupert
 19637 | Lair:5   | Reached skill level 10 in Fighting
 20271 | Lair:5   | Noticed a dire elephant
 20400 | Lair:5   | Reached skill level 15 in Spellcasting
 20697 | Lair:5   | Killed a dire elephant
 20698 | Lair:5   | Killed a dire elephant
 20773 | Lair:5   | Killed a dire elephant
 21230 | Lair:5   | Killed a dire elephant
 21231 | Lair:5   | Reached XP level 15. HP: 78/107 MP: 0/0
 21231 | Lair:5   | Learned a level 6 spell: Death Channel
 21345 | Lair:5   | Identified the +7 spear of Folake {holy, rCorr Int+4}
 23027 | D:12     | Noticed Nergalle
 23032 | D:12     | Killed Nergalle
 23503 | D:12     | Reached skill level 10 in Invocations
 23693 | D:12     | Found Umi Cigo's Armour Shoppe.
 23873 | D:12     | Found a staircase to the Orcish Mines.
 23965 | D:12     | Found a portal to a secret trove of treasure.
 24227 | D:12     | Reached skill level 16 in Spellcasting
 24821 | Orc:1    | Entered Level 1 of the Orcish Mines
 25126 | Orc:1    | Found a dark tunnel.
 25313 | Volcano  | Entered a volcano
 25668 | Volcano  | Found a bloodstained altar of Trog.
 27295 | Orc:2    | Entered Level 2 of the Orcish Mines
 27915 | Orc:1    | Reached XP level 16. HP: 97/116 MP: 0/0
 28206 | Orc:2    | Found Geezo's Jewellery Boutique.
 28223 | Orc:2    | Found a staircase to the Elven Halls.
 28317 | Orc:2    | Found Vaqohi's Antique Weapon Boutique.
 28411 | Orc:2    | Found Muxtewka's General Store.
 28452 | Orc:2    | Found Wiemofik's Antique Armour Shop.
 28700 | Orc:2    | Bought an amulet of regeneration for 300 gold pieces
 28729 | Orc:2    | Bought a crude leather armour for 196 gold pieces
 28729 | Orc:2    | Identified the +3 leather armour of Ipe Zum {Slay+3} (You
                  | bought it in a shop on level 2 of the Orcish Mines)
 28729 | Orc:2    | Bought an opalescent robe for 159 gold pieces
 28729 | Orc:2    | Identified the +1 robe "Nebeisut" {rN+} (You bought it in a
                  | shop on level 2 of the Orcish Mines)
 28955 | D:13     | Reached skill level 17 in Spellcasting
 29871 | D:14     | Found a glowing silver altar of Zin.
 30099 | D:14     | Found a gate leading to a gauntlet.
 30113 | Gauntlet | Entered a Gauntlet
 30113 | Gauntlet | Found a transporter.
 30116 | Gauntlet | Found a transporter.
 30128 | Gauntlet | Found a transporter.
 30133 | Gauntlet | Found a transporter.
 30150 | Gauntlet | Found a transporter.
 30170 | Gauntlet | Found a transporter.
 30173 | Gauntlet | Found a transporter.
 30177 | Gauntlet | Found a transporter.
 30207 | Gauntlet | Found a transporter.
 30208 | Gauntlet | Found a transporter.
 30212 | Gauntlet | Found a transporter.
 30225 | Gauntlet | Found a transporter.
 30327 | Gauntlet | Identified the +1 war axe of Memepet {spect, rF+}
 30375 | Gauntlet | Identified the +0 helmet "Ciofug" {Rampage +Inv rF+ Stlth-}
 30458 | Gauntlet | Identified the +7 mace "Toaroug" {pain, *Corrode Fly rPois
                  | SInv}
 30458 | Gauntlet | Identified the ring of Dogma {rPois EV+5 Int+6}
 30653 | D:14     | Found a gate to the Vaults.
 30951 | D:15     | Entered Level 15 of the Dungeon
 31001 | D:15     | Found Wuwut's Assorted Antiques.
 31543 | D:15     | Found a staircase to the Depths.
 31570 | D:15     | Bought a puce potion for 32 gold pieces
 31616 | D:15     | Found Wasyjer's Weapon Shop.
 31761 | D:15     | Found Ygo Resu's Weapon Shop.
 31933 | D:15     | Found Zinwyawk's Antique Weapon Shoppe.
 32113 | Lair:2   | Reached XP level 17. HP: 117/123 MP: 0/0
 32113 | Lair:2   | Learned a level 7 spell: Haunt
 32829 | Snake:1  | Entered Level 1 of the Snake Pit
 32996 | Snake:1  | Reached skill level 5 in Armour
 33095 | Snake:1  | Reached skill level 18 in Spellcasting
 33985 | Snake:2  | Found Nuaxkoil's Self-Improvement Boutique.
 34213 | Snake:2  | You are sucked into a shaft and drop 1 floor!
 34470 | Snake:2  | Found Aluvow's Assorted Antiques.
 34478 | Snake:2  | Bought a scroll labelled ITEICL GETT for 44 gold pieces
 34702 | Snake:3  | Found Hiupn's Assorted Antiques.
 34784 | Snake:3  | Bought a scroll labelled LUOLACHO ABBOC for 43 gold pieces
 35208 | Snake:3  | Reached skill level 10 in Dodging
 35534 | Snake:3  | Reached XP level 18. HP: 131/131 MP: 0/0
 35611 | Snake:3  | Identified the ring "Olaodgho" {Fire Will++ rCorr Str-5
                  | Stlth-}
 35643 | Snake:3  | Reached skill level 1 in Shields
 36399 | Snake:4  | Entered Level 4 of the Snake Pit
 36405 | Snake:4  | Noticed Mlioglotl
 36550 | Snake:3  | Gained mutation: You passively map a small area around you.
                  | [a neqoxec]
 36641 | Snake:3  | Reached skill level 19 in Spellcasting
 36648 | Snake:3  | Killed Mlioglotl
 37262 | Snake:4  | Noticed Bai Suzhen
 37280 | Snake:4  | Killed Bai Suzhen
 37341 | Snake:4  | Found Evenent's Weapon Emporium.
 37346 | Snake:4  | Found Hicrev's Book Emporium.
 38210 | Snake:4  | Reached XP level 19. HP: 136/139 MP: 0/0
 38210 | Snake:4  | Learned a level 6 spell: Statue Form
 38242 | Snake:4  | Got a serpentine rune of Zot
 38643 | Swamp:1  | Entered Level 1 of the Swamp
 38694 | Swamp:1  | Identified the +1 leather armour "Pureluosch" {rPois rN+
                  | Str-4 Int+4}
 38720 | Lair:3   | Reached skill level 5 in Shields
 38950 | Swamp:1  | Found a stormy altar of Qazlal.
 39362 | Swamp:2  | Reached ****** piety under Qazlal
 40153 | Swamp:3  | Noticed Kirke
 40167 | Swamp:3  | Killed Kirke
 40257 | Swamp:3  | Reached skill level 20 in Spellcasting
 40557 | Swamp:4  | Entered Level 4 of the Swamp
 41351 | Swamp:4  | Reached XP level 20. HP: 135/147 MP: 0/0
 42138 | Swamp:4  | Got a decaying rune of Zot
 42482 | Elf:1    | Entered Level 1 of the Elven Halls
 42572 | Elf:1    | Reached skill level 1 in Short Blades
 42687 | Elf:1    | Paralysed by an air elemental for 1 turns
 42891 | Elf:1    | Found Kyddef's Weapon Shop.
 43658 | Elf:2    | Identified the +5 rapier "Fottewen" {flame, rPois Will++
                  | Dex+5}
 44084 | Elf:2    | Found a runed translucent gate.
 44084 | Elf:2    | Found a runed translucent gate.
 44084 | Elf:2    | Found a runed translucent gate.
 44163 | Elf:2    | Reached skill level 21 in Spellcasting
 44677 | Elf:3    | Entered Level 3 of the Elven Halls
 44972 | Elf:3    | Reached XP level 21. HP: 154/154 MP: 0/0
 44972 | Elf:3    | Learned a level 8 spell: Summon Horrible Things
 45312 | Elf:3    | Reached skill level 15 in Fighting
 45859 | Elf:3    | Identified the +7 great sword of the Desert {flame, Drain
                  | Fly rN+}
 45910 | Elf:3    | Identified the +5 battleaxe "Gauhayfa" {antimagic, rCorr}
 46113 | Elf:3    | Identified the +7 battleaxe "Muciwn" {heavy, rC+ Int+4}
 46159 | Elf:3    | Identified the +6 sling of the Foot {antimagic, rN+ Str-2
                  | Int+5}
 46238 | Elf:3    | Identified the +2 plate armour of Decompression {Str+3}
 46706 | D:10     | Acquired 1268 gold pieces
 46806 | Vaults:1 | Entered Level 1 of the Vaults
 46901 | Vaults:1 | Identified the +1 war axe "Wadgh" {heavy, Int+2}
 46963 | Vaults:1 | Found Gecimn's Magic Scroll Boutique.
 46970 | Vaults:1 | Bought a scroll of teleportation for 60 gold pieces
 46970 | Vaults:1 | Bought a scroll of teleportation for 60 gold pieces
 47343 | Vaults:1 | Reached skill level 5 in Short Blades
 47704 | Vaults:1 | Reached XP level 22. HP: 158/162 MP: 0/0
 47711 | Vaults:1 | Reached skill level 22 in Spellcasting
 48612 | Vaults:1 | Found a runed translucent door.
 48612 | Vaults:1 | Noticed Kiqipt's ghost (adept HuMo)
 48623 | Vaults:1 | Killed Kiqipt's ghost
 49130 | Vaults:2 | Reached skill level 10 in Shields
 49271 | Vaults:2 | Noticed Mara
 49279 | Vaults:2 | Noticed Banquo's illusion
 49288 | Vaults:2 | Noticed Banquo's illusion
 49300 | Vaults:2 | Killed Mara
 50274 | Vaults:3 | Identified the amulet of the Final Decision {Faith *Slow
                  | Will+ Str+2}
 50350 | Vaults:3 | Noticed Nikola
 50358 | Vaults:3 | Killed Nikola
 50395 | Vaults:3 | Noticed Sojobo
 50998 | Vaults:3 | Killed Sojobo
 51000 | Vaults:3 | Reached XP level 23. HP: 50/169 MP: 0/0
 51000 | Vaults:3 | Learned a level 7 spell: Enfeeble
 51435 | Vaults:3 | Found a runed translucent door.
 51435 | Vaults:3 | Noticed confidenceinterval's ghost (veteran KoHu)
 51538 | Vaults:3 | Reached skill level 23 in Spellcasting
 51828 | Vaults:3 | Found a staircase to the Crypt.
 52545 | Vaults:3 | Killed confidenceinterval's ghost
 53076 | Vaults:4 | Found Giorir Qyisi's Distillery.
 53098 | Vaults:4 | Found Cepyo's Antique Armour Shop.
 53112 | Vaults:4 | Bought a brightly glowing leather armour for 154 gold
                  | pieces
 53112 | Vaults:4 | Identified the +3 leather armour of Winter {rElec rF- Str+5
                  | Dex-3} (You bought it in a shop on level 4 of the Vaults)
 53261 | Vaults:4 | Found Liamp's Antique Weapon Shoppe.
 53275 | Vaults:4 | Bought an ebony long sword for 229 gold pieces
 53275 | Vaults:4 | Identified the +8 long sword "Plog" {drain, Drain rF+ rN+}
                  | (You bought it in a shop on level 4 of the Vaults)
 53275 | Vaults:4 | Bought a polished hand axe for 216 gold pieces
 53275 | Vaults:4 | Identified the +8 hand axe "Neghel" {drain, Drain rF+ rN+
                  | Stlth+} (You bought it in a shop on level 4 of the Vaults)
 53381 | Vaults:4 | Noticed Jory
 53392 | Vaults:4 | Killed Jory
 53489 | Vaults:4 | Noticed Saint Roka
 53499 | Vaults:4 | Killed Saint Roka
 53823 | Vaults:4 | Found Harufy's Assorted Antiques.
 54362 | Vaults:1 | Reached XP level 24. HP: 174/177 MP: 0/0
 55206 | Depths:1 | Entered Level 1 of the Depths
 56079 | Depths:1 | Reached skill level 24 in Spellcasting
 56206 | Depths:1 | Found a gateway to Hell.
 56302 | Depths:1 | Found a hide-covered altar of Uskayaw.
 56329 | Depths:1 | Identified the ring "Gady" {rC+ rN+ Dex+2}
 56561 | Depths:1 | Identified the ring of Autumn {rElec rF- Str+7 Dex-5 SInv}
 56586 | Depths:1 | Found a shadowy altar of Dithmenos.
 56586 | Depths:1 | Found the +2 hood of the Assassin {Detect Stab+ Stlth++}
 56600 | Depths:1 | Reached skill level 10 in Short Blades
 57138 | Depths:2 | Noticed Asterion
 57147 | Depths:2 | Killed Asterion
 57347 | Depths:2 | Found a stormy altar of Qazlal.
 57441 | Depths:2 | Found a one-way gateway to a ziggurat.
 57891 | Depths:2 | Found a one-way gate leading to the halls of Pandemonium.
 58048 | Depths:3 | Noticed a juggernaut
 58072 | Depths:3 | Killed a juggernaut
 58138 | Depths:3 | Reached XP level 25. HP: 177/184 MP: 0/0
 58138 | Depths:3 | Learned a level 9 spell: Chain Lightning
 58141 | Depths:3 | Identified the +8 shortbow "Ilehosia" {flame, Fragile rPois
                  | rC++ Stlth+}
 58207 | Depths:3 | Noticed a caustic shrike
 58208 | Depths:3 | Killed a caustic shrike
 58624 | Depths:3 | Identified the +4 chain mail "Reng" {Will+}
 58734 | Depths:3 | Found Xytz's Antique Weapon Boutique.
 58895 | Depths:3 | Found a one-way gate to the infinite horrors of the Abyss.
 59391 | Depths:3 | Found a glowing golden altar of the Shining One.
 59858 | Depths:2 | Identified the +4 shortbow "Buhoej" {elec, Str+3}
 59946 | Depths:4 | Entered Level 4 of the Depths
 59954 | Depths:4 | Reached skill level 25 in Spellcasting
 60777 | Depths:4 | Found Telofauh's General Store.
 61918 | Depths:4 | Found a gate to the Realm of Zot.
 62168 | D:10     | Acquired a manual of Armour
 62403 | Crypt:1  | Entered Level 1 of the Crypt
 62535 | Crypt:1  | Reached XP level 26. HP: 159/193 MP: 0/0
 62595 | Crypt:1  | Noticed Grunn
 62965 | Crypt:1  | Killed Grunn
 63501 | Crypt:1  | Noticed Margery
 63506 | Crypt:1  | Killed Margery
 64606 | Crypt:3  | Entered Level 3 of the Crypt
 64606 | Crypt:3  | Found a staircase to the Tomb.
 64731 | Crypt:3  | Reached skill level 10 in Armour
 64882 | Crypt:3  | Reached skill level 26 in Spellcasting
 65466 | Crypt:3  | Identified the +8 falchion "Diotirgh" {venom, rElec rPois
                  | Will- Dex+3}
 65820 | Crypt:3  | Paralysed by a vampire knight for 5 turns
 66285 | Crypt:3  | Reached XP level 27. HP: 120/201 MP: 0/0
 66285 | Crypt:3  | Learned a level 9 spell: Dragon's Call
 66553 | Crypt:3  | Found a basalt altar of Yredelemnul.
 66567 | Crypt:3  | Identified the +3 chain mail "Acuhe" {*Slow rN+ Will+
                  | Dex+3}
 67161 | D:8      | Bought a scroll of fog for 48 gold pieces
 67161 | D:8      | Bought a scroll of fog for 48 gold pieces
 67161 | D:8      | Bought a scroll of teleportation for 36 gold pieces
 67465 | Vaults:4 | Bought a potion of brilliance for 64 gold pieces
 67465 | Vaults:4 | Bought a potion of curing for 48 gold pieces
 67465 | Vaults:4 | Bought a potion of haste for 160 gold pieces
 67465 | Vaults:4 | Bought a potion of might for 64 gold pieces
 67465 | Vaults:4 | Bought a potion of mutation for 128 gold pieces
 67465 | Vaults:4 | Bought a potion of heal wounds for 80 gold pieces
 67518 | Vaults:5 | Entered Level 5 of the Vaults
 67530 | Vaults:5 | Noticed an ancient lich
 67538 | Vaults:5 | Reached skill level 15 in Shields
 67844 | Slime:1  | Entered Level 1 of the Pits of Slime
 68018 | Slime:3  | Paralysed by a great orb of eyes for 2 turns
 68586 | Slime:5  | Entered Level 5 of the Pits of Slime
 68878 | Slime:5  | Noticed the Royal Jelly
 69028 | Slime:5  | Killed the Royal Jelly
 69447 | Slime:5  | Identified the +5 quarterstaff of the Moon {drain, +Blink
                  | rC- Dex+3 Stlth+}
 69449 | Slime:5  | Got a slimy rune of Zot
 69454 | Slime:5  | Identified the +0 cloak of Decompression {Rampage Fly
                  | Stlth+}
 69479 | Slime:5  | Identified the ring "Faimp" {Dex+2 SInv}
 69559 | Slime:5  | Identified the +5 leather armour of Slovenliness {rPois rN+
                  | Str+8 Int-5}
 69567 | Slime:5  | Identified the +8 hand axe of Faschurul {holy, Dex+2}
 70178 | Vaults:5 | Killed an ancient lich
 70656 | Zot:1    | Entered Level 1 of the Realm of Zot
 72552 | D:12     | You paid a toll of +3 storm dragon scales to enter a
                  | treasure trove
 72553 | Trove    | Entered a treasure trove
 72561 | Trove    | Identified the amulet "Jurre" {RegenMP rC- rN++ Dex+7}
 72563 | Trove    | Identified the ring "Pialemax" {rPois Will+}
 72565 | Trove    | Identified the ring "Direacleryc" {rPois rC+ Will+}
 72567 | Trove    | Identified the ring of Suspicion {rF+ MP+9}
 72573 | Trove    | Identified the ring of Moral Flaws {rC++ AC+4 Str+6 Dex-3}
 72575 | Trove    | Identified the ring of Humni {Fire Int+4}
 72582 | Trove    | Identified the ring of Puelouru {rPois AC+4}
 72962 | Vaults:5 | Identified the ring of the Locust {Fly rElec rPois Will+}
 73167 | Vaults:5 | Identified the +7 shortbow of Twilight {antimagic, rPois
                  | Int+5}
 74160 | Vaults:5 | Noticed an ancient lich
 74164 | Vaults:5 | Killed an ancient lich
 74205 | Vaults:5 | Noticed a dread lich
 74208 | Vaults:5 | Killed a dread lich
 74209 | Vaults:5 | Reached skill level 15 in Armour
 74257 | Vaults:5 | Got a silver rune of Zot
 74286 | Vaults:5 | Identified the ring "Noogeb" {rF+ rCorr}
 74598 | Vaults:5 | Found Kiod's Book Shop.
 76186 | Zot:3    | Noticed an orb of fire
 76200 | Zot:3    | Killed an orb of fire
 77071 | Zot:4    | Noticed Parghit
 77080 | Zot:4    | Killed Parghit
 78041 | Zot:5    | Entered Level 5 of the Realm of Zot
 78569 | Zot:5    | Reached skill level 15 in Dodging
 78933 | Zot:5    | Noticed an orb of fire
 78948 | Zot:5    | Noticed an ancient lich
 78949 | Zot:5    | Killed an orb of fire
 78952 | Zot:5    | Killed an ancient lich
 78954 | Zot:5    | Noticed a Killer Klown
 78968 | Zot:5    | Killed a Killer Klown
 79038 | Zot:5    | Noticed a Killer Klown
 79042 | Zot:5    | Killed a Killer Klown
 79060 | Zot:5    | Noticed a Killer Klown
 79066 | Zot:5    | Killed a Killer Klown
 79199 | Zot:5    | Noticed a dread lich
 79202 | Zot:5    | Killed a dread lich
 79309 | Zot:5    | Noticed a Killer Klown
 79310 | Zot:5    | Noticed an orb of fire
 79325 | Zot:5    | Noticed a Killer Klown
 79333 | Zot:5    | Identified the +6 halberd of Mafivol {vamp, Will+ Dex+4}
 79337 | Zot:5    | Killed an orb of fire
 79341 | Zot:5    | Noticed a dread lich
 79356 | Zot:5    | Noticed an ancient lich
 79357 | Zot:5    | Killed a dread lich
 79381 | Zot:5    | Killed an ancient lich
 79394 | Zot:5    | Killed a Killer Klown
 79398 | Zot:5    | Killed a Killer Klown
 79509 | Zot:5    | Noticed an orb of fire
 79509 | Zot:5    | Gained mutation: You are frail. (-10% HP) [an orb of fire]
 79524 | Zot:5    | Killed an orb of fire
 79906 | Zot:5    | Got the Orb of Zot
 80148 | Depths:2 | Noticed an ancient lich
 80152 | Depths:2 | Killed an ancient lich
 80153 | Depths:2 | Noticed Qobunkonn the pandemonium lord
 80363 | D:8      | Noticed Doimis Xewn the pandemonium lord
 80500 | D:1      | Noticed Joneh the pandemonium lord
 80521 | D:1      | woot!
 80522 | D:$      | Escaped with the Orb!

Illustrated notes

###################
#....#...8...#....#
#.⌠..'.8.....#..@D#
#....#...⌠...#§...#
#....#.8...8.D☼°°.#
###..#.......#..###
♣♣####..8.8..####
.♣♣♣ #....D§.# ♣♣♣#
...♣♣###..&###♣♣..#
...&♣♣♣#'''#♣.♣..♣#
##[XX.............#


Turn 80521 on D:1: woot!

Levels and vault maps discovered:
D:1:      sevenhm_arrival_forest_fort_large_2, layout_loops_cross, minivault_25
D:2:      minmay_spotlight, layout_rooms, serial_shops,
          nicolae_shop_bloodbath_and_beyond, minmay_tromino_v4_b
D:3:      layout_loops_corners, st_stairs_7
D:4:      layout_basic, vehumet_altar_wand_db, kennysheep_mini, uniq_ijyb,
          uniq_crazy_yiuf_cottage, uniq_robin
D:5:      layout_gridville, mainiacjoe_overflow_alcove_2, serial_shops,
          shop_statue, hangedman_feature_mirror
D:6:      layout_rooms, mainiacjoe_overflow_catwalk, roderic_batcave,
          lemuel_flamethrower_2
D:7:      layout_gridville, nicolae_wu_jian_wuxing_cycle,
          mainiacjoe_overflow_concentric_impassable,
          minmay_temple_entry_enclosed_plants, serial_undead, serial_undead_e,
          serial_undead_c, serial_undead_e, serial_undead_f,
          chequers_guarded_unrand_ignorance
D:8:      layout_loops_ring, kennysheep_little_box, serial_shops,
          nicolae_shop_hallway_plus, nicolae_shop_behind_doors, shop,
          kennysheep_minor_cross
D:9:      layout_small_grid, trog_ov_bears_minmay, pf_just_have_faith,
          special_room [special_room_orc]
D:10:     nicolae_hexawheel, layout_gridville, erik_lair_orcish_takeover,
          minivault_20, grunt_ogre_cave, uniq_erica
D:11:     layout_long_grid
D:12:     dreamdust_isle_of_ice, layout_irregular_city, orc_0_dummy,
          nicolae_trove_entry_isolated, kennysheep_windowed_goal, uniq_nergalle
D:13:     layout_basic
D:14:     layout_loops_ring, david_vaults_2, gauntlet_entry_generic,
          minivault_26, zin_angel
D:15:     grunt_enter_depths_magical_seal, layout_rooms, serial_shops,
          nicolae_shop_behind_doors, nicolae_shop_hallway_plus,
          nicolae_shop_temple_entry_statues_fountains,
          nicolae_shop_overgrown_old_shop
Lair:1:   layout_loops_ring, serial_forest, infiniplex_forest_straight_4,
          infiniplex_forest_clump_tiny, infiniplex_forest_lined_room_3,
          infiniplex_forest_3_way, infiniplex_forest_lined_room_3,
          infiniplex_forest_straight_2, infiniplex_forest_end_double,
          infiniplex_forest_3_way, grunt_megastairs_4
Lair:2:   layout_small_grid, minmay_snake_entry_guardpost_large
Lair:3:   layout_loops_ring, minmay_swamp_entry_worms, dreamdust_wasp_nest,
          grunt_megastairs_1, infiniplex_staircase_pool, lemuel_fruit_tree,
          serial_bayou_shore_a
Lair:4:   layout_regular_city, dpeg_slime_entry_enclosed
Lair:5:   due_jungle_book, layout_cave_pods, minmay_lair_drake_nest,
          uniq_rupert, uniq_nessos
Swamp:1:  layout_falls_marsh, lemuel_altar_in_water
Swamp:2:  layout_falls_marsh, evilmike_swamp_ruin_house_2, swamp_pool1,
          hangedman_swamp_grove
Swamp:3:  layout_basic_swamp, nicolae_swamp_well_well_well, swamp_pool3,
          uniq_kirke
Swamp:4:  swamp_alternative, layout_basic_swamp
Snake:1:  layout_basic, nicolae_snake_round_shape_thing
Snake:2:  layout_misc_corridors, serial_shops, nicolae_shop_trees,
          nicolae_shop_self_help
Snake:3:  kennysheep_snake, layout_cave_shapes, serial_shops,
          nicolae_shop_hallway_plus
Snake:4:  snake_pit_salamanders_mu, layout_onion_interference, minmay_shop_star,
          uniq_mlioglotl, uniq_bai_suzhen
Slime:1:  layout_caves
Slime:2:  layout_caves
Slime:3:  layout_caves, cheibrodos_slime_lost_civilization_5
Slime:4:  layout_caves
Slime:5
Orc:1:    layout_diamond_mine, nicolae_volcano_entry_two_sided, special_room
          [special_room_bee]
Orc:2:    grunt_orc_gardens, layout_caves, grunt_orc_garden, grunt_orc_garden,
          grunt_orc_garden, grunt_orc_garden
Elf:1:    elf_arrival_002, layout_loops_cross, serial_shops,
          nicolae_shop_waterfront, minmay_elf_sorcery
Elf:2:    elven_hall_of_blades_hangedman_original
          [nicolae_blade_entry_antechamber], layout_geoelf_grid, serial_sigils,
          serial_sigils_hangedman_carve, serial_sigils_hangedman_gnaw,
          serial_sigils_hangedman_quiver, serial_sigils_hangedman_writhe,
          david_defended_altar_elf
Elf:3:    minmay_elf_hall_dome, layout_loops_cross
Vaults:1: ebering_ghost_reflecting_pool, v_misc_16, v_pattern_4,
          vaults_standard_mumra_x, v_rooms_2, nicolae_vaults_shelves_hall,
          ontoclasm_vaults_spin, vaults_dpeg_ring,
          vaults_room_grunt_arrival_checkpoint, vaults_room_stairs_pillars,
          special_room_vaults [special_room_orc], layout_vaults_omnigrid,
          serial_shops, shop_scrolls
Vaults:2: v_alt_pattern_4, v_misc_32, vaults_room_large_hall,
          nicolae_vaults_big_angled_halls, nicolae_vaults_asterisk, v_misc_18,
          nicolae_vaults_yaktaur_gun_rack, serial_ice_b,
          ontoclasm_vaults_loading_screen, layout_vaults_chaotic_city, uniq_mara
Vaults:3: ebering_ghost_inner_flame, vaults_room_boxed, hangedman_vaults_pinch,
          nicolae_vaults_little_squares_3, grunt_vaults_swirl, v_misc_22,
          nicolae_vaults_branching_niches, vaults_room_hallway,
          grunt_vaults_trifunnel, nicolae_vaults_alarming,
          hangedman_vaults_nails, blue_anna_dwarven_crypt,
          nicolae_vaults_ring_of_whatevers, layout_vaults_maze_bifur,
          uniq_nikola, uniq_sojobo
Vaults:4: st_cross, grunt_vaults_diagonal, hangedman_vaults_maws,
          grunt_vaults_funnel, nicolae_vaults_network_star,
          nicolae_vaults_little_squares_3, ontoclasm_vaults_hangar,
          dpeg_vaults_monster_row, v_misc_17, grunt_vaults_hallway_short,
          hangedman_vaults_slice, v_misc_15, layout_vaults_ring, serial_shops,
          nicolae_shop_waterfront, shop, shop, shop, uniq_jory, uniq_saint_roka
Vaults:5
Crypt:1:  layout_misc_corridors, st_stairs_9, grunt_ministairs_6, uniq_margery,
          uniq_grunn
Crypt:2:  layout_regular_city
Crypt:3:  lightli_unholy_cathedral, layout_chaotic_city
Depths:1: regret_index_dithmenos_brocken_genspenst, layout_basic,
          grunt_mini_vestibule, minmay_parallelograms, roderic_st_hans_cross,
          nicolae_uskayaw_dance_hall
Depths:2: cheibrodos_quadrivalence, layout_gridlike, enter_ziggurat_f,
          rand_demon_pan_entry_8, nicolae_qazlal_scattered_showers, hell_entry,
          minmay_staircase_bubble, uniq_asterion
Depths:3: minmay_the_grid_square_5x5_4x4
          [minmay_the_grid_square_5x5_checkered_statues,
          minmay_the_grid_square_5x5_two_walls_b,
          minmay_the_grid_square_5x5_comb,
          minmay_the_grid_square_5x5_three_small,
          minmay_the_grid_square_5x5_seven,
          minmay_the_grid_square_5x5_prize_snowflake,
          minmay_the_grid_square_5x5_prize_open,
          minmay_the_grid_square_5x5_empty,
          minmay_the_grid_square_5x5_eight_small,
          minmay_the_grid_square_5x5_prize_gold,
          minmay_the_grid_square_5x5_prize_waves,
          minmay_the_grid_square_5x5_two_small, minmay_the_grid_square_5x5_tie,
          minmay_the_grid_square_5x5_gyroscope,
          minmay_the_grid_square_5x5_eight, minmay_the_grid_square_5x5_fat_x],
          layout_gridlike, serial_curves, eino_curves_02, eino_curves_02,
          hell_entry, serial_shops, nicolae_inconvenience_store, abyss_entry,
          tso_oasis_becter
Depths:4: grunt_zot_entry_hairpin, layout_cave_shapes, pan_entry,
          grunt_hell_entry_dis_old, chequers_serial_rivers_micro_e,
          serial_shops, nicolae_shop_stone, abyss_entry_small_statue_room,
          patterned_corridor
Zot:1:    layout_cellular_growth
Zot:2:    layout_onion_interference, zot_minivault_5, lemuel_elevator
Zot:3:    layout_misc_corridors, bh_zot_lava_cross
Zot:4:    layout_cathedral_of_symmetry, zot_minivault_4, uniq_parghit
Zot:5:    layout_misc_corridors, nicolae_lava_and_water, drop_trap

Skill      XL: |  1  2  3  4  5  6  7  8  9 10 11 12 13 14 15 16 17 18 19 20 21 22 23 24 25 26 27 |
---------------+----------------------------------------------------------------------------------+-----
Spellcasting   | 3 4 5 6 7 8 9 10 12 13 15 16 17 18 19 20 21 22 23 24 25 26 | 26.0
Fighting       | 1 2 3 4 5 6 7 8 9 10 11 12 13 14 15 16 17 18 25 | 25.0
Invocations    | 2 3 4 5 7 8 9 10 | 10.0
Armour         | 1 3 4 6 7 8 11 16 | 16.0
Dodging        | 3 4 5 6 8 10 11 12 16 | 16.4
Shields        | 4 6 8 9 10 11 12 13 14 17 | 17.0
Short Blades   | 3 6 8 9 10 11 12 14 | 14.0
Stealth        | |  1.5

Action                     |  1- 3 |  4- 6 |  7- 9 | 10-12 | 13-15 | 16-18 | 19-21 | 22-24 | 25-27 || total
---------------------------+-------+-------+-------+-------+-------+-------+-------+-------+-------++-------
  Melee: Dagger            |       |       |    11 |    19 |       |       |       |       |       ||    30
         Whip              |       |       |       |    15 |   209 |   298 |   112 |       |       ||   634
         Punch             |       |       |       |     2 |     6 |     4 |       |       |       ||    12
         Spear             |       |       |       |       |       |    24 |    10 |       |       ||    34
         Staff             |       |       |       |       |       |    36 |    13 |     2 |     9 ||    60
         Rapier            |       |       |       |       |       |       |    29 |   112 |     2 ||   143
   Cast: Magic Dart        |    73 |    80 |    54 |    53 |       |    12 |     4 |     4 |       ||   280
         Shock             |     6 |    35 |   108 |   126 |    95 |   117 |    43 |     5 |     4 ||   539
         Call Imp          |       |     1 |     2 |     2 |     1 |       |       |       |       ||     6
         Poisonous Vapours |       |    13 |    74 |   129 |   137 |    42 |   185 |   260 |    37 ||   877
         Mephitic Cloud    |       |       |    20 |    60 |    37 |     6 |    19 |    22 |     2 ||   166
         Slow              |       |       |     1 |       |       |       |       |       |       ||     1
         Blink             |       |       |     1 |       |     7 |     2 |     1 |     1 |       ||    12
         Kindle Blastspark |       |       |     4 |   103 |    76 |    33 |     6 |       |       ||   222
         Agony             |       |       |       |     1 |     1 |   107 |   104 |    88 |    17 ||   318
         Freezing Cloud    |       |       |       |       |   200 |   242 |   157 |    21 |     4 ||   624
         Death Channel     |       |       |       |       |     4 |     2 |     1 |     1 |     5 ||    13
         Haunt             |       |       |       |       |       |    36 |   240 |   443 |   182 ||   901
         Inner Flame       |       |       |       |       |       |       |     1 |     2 |       ||     3
         Summon Horrible T |       |       |       |       |       |       |    13 |    49 |    27 ||    89
         Statue Form       |       |       |       |       |       |       |       |     2 |       ||     2
         Enfeeble          |       |       |       |       |       |       |       |     3 |     6 ||     9
         Chain Lightning   |       |       |       |       |       |       |       |       |   571 ||   571
         Dragon's Call     |       |       |       |       |       |       |       |       |    38 ||    38
 Invoke: Elemental Force   |       |       |       |     1 |     7 |     5 |     1 |       |       ||    14
         Upheaval          |       |       |       |       |     1 |       |       |       |       ||     1
         Disaster Area     |       |       |       |       |       |     4 |       |       |       ||     4
Ability: End Transformatio |       |       |       |       |       |       |       |     2 |       ||     2
  Evoke: Wand              |       |       |       |       |       |     1 |       |       |     2 ||     3
    Use: Scroll            |       |       |    10 |     8 |     9 |     3 |     4 |       |    34 ||    68
         Potion            |       |       |       |       |       |     2 |       |       |    11 ||    13
   Stab: Confused          |       |       |       |     3 |     4 |     2 |     1 |     1 |       ||    11
         Paralysed         |       |       |       |     1 |       |       |       |       |       ||     1
         Distracted        |       |       |       |       |       |       |     1 |       |       ||     1
 Armour: Robe              |     3 |     3 |     1 |     9 |    21 |       |       |       |       ||    37
         Leather armour    |       |       |    12 |       |       |       |       |       |       ||    12
         Troll leather arm |       |       |       |       |       |   164 |    51 |    22 |    20 ||   257
  Dodge: Dodged            |     9 |    11 |    38 |    96 |   322 |   576 |   243 |   105 |   108 ||  1508
         Repelled          |       |       |       |     1 |     6 |    38 |    18 |    11 |    17 ||    91
  Block: Other             |       |       |       |    29 |    73 |   133 |       |       |       ||   235
         Kite shield       |       |       |       |       |       |   115 |   320 |   225 |   125 ||   785

Table legend: (Time is in decaauts)
 A = Elapsed time spent in this place.
 B = Non-inter-level travel time spent in this place.
 C = Inter-level travel time spent in this place.
 D = Time resting spent in this place.
 E = Time spent auto-exploring this place.
 F = Levels seen in this place.
 G = Mean time per level.
                   A        B        C        D        E       F      G
               +--------+--------+--------+--------+--------+-----+--------+
         Total |  80812 |  67458 |  13354 |  14243 |  30553 |  58 | 1393.3 |
       Dungeon |  23331 |  18277 |   5054 |   2747 |  10360 |  15 | 1555.4 |
          Lair |   9370 |   7627 |   1743 |   1707 |   4053 |   5 | 1874.0 |
         Swamp |   3655 |   3388 |    267 |    992 |   1207 |   4 |  913.8 |
     Snake Pit |   5457 |   4624 |    833 |    322 |   2511 |   4 | 1364.2 |
    Slime Pits |   1992 |   1803 |    189 |    625 |    625 |   5 |  398.4 |
  Orcish Mines |   2877 |   2515 |    362 |    792 |   1012 |   2 | 1438.5 |
   Elven Halls |   3938 |   3630 |    308 |    611 |   1312 |   3 | 1312.7 |
        Vaults |  11597 |   9538 |   2059 |   1999 |   3731 |   5 | 2319.4 |
         Crypt |   3873 |   3514 |    359 |   1173 |   1471 |   3 | 1291.0 |
        Depths |   7264 |   5973 |   1291 |   1168 |   2458 |   4 | 1816.0 |
           Zot |   5916 |   5030 |    886 |   1545 |   1768 |   5 | 1183.2 |
         Trove |     51 |     51 |      0 |      0 |      0 |   1 |   51.0 |
       Volcano |   1125 |   1125 |      0 |    558 |     45 |   1 | 1125.0 |
      Gauntlet |    361 |    361 |      0 |      4 |      0 |   1 |  361.0 |
               +--------+--------+--------+--------+--------+-----+--------+

Top non-repeatable levels by time:
    D:10: 4048 daAuts
Vaults:3: 3212 daAuts
  Lair:5: 3170 daAuts
    D:12: 2718 daAuts
Vaults:1: 2381 daAuts
Depths:4: 2160 daAuts
Vaults:5: 2150 daAuts
  Lair:1: 2059 daAuts
   Orc:1: 2046 daAuts
Vaults:2: 1974 daAuts
     D:9: 1953 daAuts
Depths:3: 1948 daAuts
 Crypt:3: 1940 daAuts
 Snake:3: 1937 daAuts
Vaults:4: 1878 daAuts
